 Dungeon Crawl Stone Soup version 0.30-a0-778-g2ef04afb54 (webtiles) character file.

Game seed: 13174210047348292824

345 BRD the Skirmisher (level 6, -7/76 HPs)
             Began as a Gnoll Hunter on Feb 15, 2023.
             Killed from afar by an orc wizard (9 damage)
             ... with a magic dart
             ... on level 3 of the Dungeon.
             The game lasted 00:04:28 (2824 turns).

BRD the Skirmisher (Gnoll Hunter)                   Turns: 2824, Time: 00:04:29

Health: -7/76      AC:  4    Str: 10    XL:     6   Next: 58%
Magic:  9/9        EV: 13    Int: 11    God:
Gold:   162        SH:  0    Dex: 15    Spells: 9/9 levels left

rFire   . . .      SeeInvis .    p - +1 short sword (holy)
rCold   . . .      Faith    .    (no shield)
rNeg    . . .      Spirit   .    c - +0 leather armour
rPois   .          Reflect  .    (no helmet)
rElec   .          Harm     .    (no cloak)
rCorr   .          Rampage  .    m - +0 pair of gloves
Will    .....                    (no boots) Stlth
                                 (no amulet)
HPRegen 0.32/turn                (no ring)
MPRegen 0.11/turn                (no ring)

@: berserking (expiring), very quick
A: fangs 1, strong nose, distributed training
a: no special abilities


You were on level 3 of the Dungeon.
You visited 1 branch of the dungeon, and saw 3 of its levels.

You collected 162 gold pieces.

Inventory:

Hand Weapons
 a - a +0 shortbow
 p - a +1 short sword of holy wrath (weapon)
Armour
 c - a +0 leather armour (worn)
 m - a +0 pair of gloves (worn)
Scrolls
 b - a scroll of immolation
 d - 4 scrolls of identify {unknown}
 f - a scroll of poison {unknown}
 g - a scroll of amnesia {unknown}
 h - a scroll of vulnerability {unknown}
 i - 2 scrolls of fog {unknown}
 j - a scroll of teleportation {unknown}
 k - a scroll of noise {unknown}
 n - 2 scrolls of enchant armour {unknown}
Potions
 e - a potion of berserk rage
 o - a potion of heal wounds {unknown}


   Skills:
 + Level 5.0 Fighting
 + Level 2.1 Short Blades
 + Level 2.1 Long Blades
 + Level 2.1 Axes
 + Level 2.1 Maces & Flails
 + Level 2.1 Polearms
 + Level 2.1 Staves
 + Level 8.8 Ranged Weapons
 + Level 2.1 Throwing
 + Level 2.1 Armour
 + Level 5.0 Dodging
 + Level 3.2 Stealth
 + Level 2.1 Shields
 + Level 2.1 Unarmed Combat
 + Level 2.1 Spellcasting
 + Level 1.6 Conjurations
 + Level 1.6 Hexes
 + Level 1.6 Summonings
 + Level 1.6 Necromancy
 + Level 1.6 Translocations
 + Level 1.6 Transmutations
 + Level 1.6 Fire Magic
 + Level 1.6 Ice Magic
 + Level 1.6 Air Magic
 + Level 1.6 Earth Magic
 + Level 1.6 Poison Magic
 + Level 2.3 Invocations
 + Level 2.1 Evocations


You had 9 spell levels left.
You didn't know any spells.
Your spell library contained the following spells:

 Spells                   Type           Power      Damage    Failure   Level
 Inner Flame              Hex/Fire       4%         N/A       50%         3
 Cause Fear               Hex            2%         N/A       88%         4
 Discord                  Hex            2%         N/A       100%        8


Dungeon Overview and Level Annotations

Branches:
Dungeon (3/15)

Altars:

Annotations:
D:1 2 runed translucent doors


Innate Abilities, Weirdness & Mutations

You have very sharp teeth.
Your uncanny sense of smell can sniff out nearby items.
Your experience applies equally to all skills.


Message History

You are confused.
You hear some strange, mumbled words.
A puff of flame appears from out of thin air!
The puff of flame hits you.
* * * LOW HITPOINT WARNING * * *
Something barely misses you.
You bump into the rock wall.
Something hits you.
* * * LOW HITPOINT WARNING * * *
You closely miss something. Something hits you but does no damage.
It was a potion of berserk rage.
A red film seems to cover your vision as you go berserk!
You feel yourself moving faster!
You feel mighty! Something hits you but does no damage.
You completely miss something. Something hits you.
* * * LOW HITPOINT WARNING * * *
Something barely misses you.
You feel less confused.
An orc wizard appears from thin air!
Reactivating autopickup.
Really attack while wielding your +0 shortbow? [Y]es or [N]o only, please.
Really attack while wielding your +0 shortbow? [Y]es or [N]o only, please.
Really attack while wielding your +0 shortbow? [Y]es or [N]o only, please.
Really attack while wielding your +0 shortbow?
Okay, then.
Unknown command.
Your +1 short sword of holy wrath softly glows with a divine radiance!
p - a +1 short sword of holy wrath (weapon)
You feel a strong urge to attack something.
You barely miss the orc wizard. You bite the orc wizard.
The orc wizard is lightly wounded.
The orc wizard hits you with a +0 dagger.
* * * LOW HITPOINT WARNING * * *
You closely miss the orc wizard.
The orc wizard is lightly wounded.
The orc wizard points at you and mumbles some strange words.
The magic dart hits you!
You die...

#. #........#..#.....#.
#... #.............#.....
#...###...)...##..#.#.....
#.....#.......##..#.#.....
#.....|.......##....#.....
#.............###.#.#.....
#.............# #.#.......
#..........#.## #.#..#....
##.......@.#.####.........
#.......o......... .#....
#.......)........ .
#########........
...............
...............
.#.............
#)####........ .)
#........


You could see an orc wizard.

Vanquished Creatures
  A scorpion (D:3)
  A gnoll bouda (D:2)
  3 orc wizards (D:3)
  7 gnolls (D:2)
  2 adders (D:2)
  3 worms
  2 dart slugs
  6 orcs (D:3)
  3 endoplasms
  10 giant cockroaches
  5 hobgoblins
  2 jackals (D:1)
  5 quokkas
  11 ball pythons
  5 bats
  2 frilled lizards (D:1)
  A goblin (D:1)
  4 kobolds
  6 rats
79 creatures vanquished.

Notes
Turn   | Place    | Note
-------+----------+-------------------------------------------
     0 | D:1      | BRD the Gnoll Hunter began the quest for the Orb.
     0 | D:1      | Reached XP level 1. HP: 20/20 MP: 1/1
    41 | D:1      | Found a large runed translucent door.
    41 | D:1      | Found a large runed translucent door.
    46 | D:1      | Reached XP level 2. HP: 26/26 MP: 2/2
   427 | D:1      | Reached XP level 3. HP: 23/31 MP: 3/3
  1156 | D:2      | Reached skill level 1 in Invocations
  1175 | D:2      | Reached skill level 1 in Short Blades
  1175 | D:2      | Reached skill level 1 in Long Blades
  1175 | D:2      | Reached skill level 1 in Axes
  1175 | D:2      | Reached skill level 1 in Maces & Flails
  1175 | D:2      | Reached skill level 1 in Polearms
  1175 | D:2      | Reached skill level 1 in Staves
  1175 | D:2      | Reached skill level 1 in Throwing
  1175 | D:2      | Reached skill level 1 in Armour
  1175 | D:2      | Reached skill level 1 in Shields
  1175 | D:2      | Reached skill level 1 in Unarmed Combat
  1175 | D:2      | Reached skill level 1 in Spellcasting
  1175 | D:2      | Reached skill level 1 in Evocations
  1178 | D:2      | Reached XP level 4. HP: 17/38 MP: 5/5
  1480 | D:2      | Reached skill level 1 in Conjurations
  1480 | D:2      | Reached skill level 1 in Hexes
  1480 | D:2      | Reached skill level 1 in Summonings
  1480 | D:2      | Reached skill level 1 in Necromancy
  1480 | D:2      | Reached skill level 1 in Translocations
  1480 | D:2      | Reached skill level 1 in Transmutations
  1480 | D:2      | Reached skill level 1 in Fire Magic
  1480 | D:2      | Reached skill level 1 in Ice Magic
  1480 | D:2      | Reached skill level 1 in Air Magic
  1480 | D:2      | Reached skill level 1 in Earth Magic
  1480 | D:2      | Reached skill level 1 in Poison Magic
  1997 | D:2      | Reached XP level 5. HP: 43/43 MP: 7/7
  2673 | D:3      | Reached XP level 6. HP: 50/50 MP: 8/8
  2758 | D:3      | Reached skill level 5 in Fighting
  2758 | D:3      | Reached skill level 5 in Dodging
  2817 | D:3      | HP: 2/51 [something (4)]
  2823 | D:3      | HP: 2/76 [orc wizard/+0 dagger (1)]
  2824 | D:3      | Killed from afar by an orc wizard

Illustrated notes

Levels and vault maps discovered:
D:1:      erik_arrival_cave_to_civilisation [erik_arrival_cave_to_temple],
          layout_basic
D:2:      layout_basic, minmay_hexomino_p4
D:3:      minmay_roachtagon, layout_basic

Skill      XL: |  1  2  3  4  5  6 |
---------------+-------------------+-----
Invocations    | 1 2 |  2.3
Short Blades   | 1 2 |  2.1
Long Blades    | 1 2 |  2.1
Axes           | 1 2 |  2.1
Maces & Flails | 1 2 |  2.1
Polearms       | 1 2 |  2.1
Staves         | 1 2 |  2.1
Throwing       | 1 2 |  2.1
Armour         | 1 2 |  2.1
Shields        | 1 2 |  2.1
Unarmed Combat | 1 2 |  2.1
Spellcasting   | 1 2 |  2.1
Evocations     | 1 2 |  2.1
Conjurations   | 1 |  1.6
Hexes          | 1 |  1.6
Summonings     | 1 |  1.6
Necromancy     | 1 |  1.6
Translocations | 1 |  1.6
Transmutations | 1 |  1.6
Fire Magic     | 1 |  1.6
Ice Magic      | 1 |  1.6
Air Magic      | 1 |  1.6
Earth Magic    | 1 |  1.6
Poison Magic   | 1 |  1.6
Stealth        | 3 |  3.2
Fighting       | 5 |  5.0
Dodging        | 5 |  5.0
Ranged Weapons | |  8.8

Action                     |  1- 3 |  4- 6 || total
---------------------------+-------+-------++-------
  Melee: Shortbow          |       |     6 ||     6
         Short sword       |       |     2 ||     2
         Bite              |       |     1 ||     1
   Fire: Shortbow          |    69 |   193 ||   262
    Use: Potion            |       |     4 ||     4
 Armour: Leather armour    |       |    33 ||    33
  Dodge: Dodged            |     9 |    67 ||    76

Table legend: (Time is in decaauts)
 A = Elapsed time spent in this place.
 B = Non-inter-level travel time spent in this place.
 C = Inter-level travel time spent in this place.
 D = Time resting spent in this place.
 E = Time spent auto-exploring this place.
 F = Levels seen in this place.
 G = Mean time per level.
                   A        B        C        D        E       F      G
               +--------+--------+--------+--------+--------+-----+--------+
         Total |   2855 |   2707 |    148 |    252 |   1964 |   3 |  951.7 |
       Dungeon |   2855 |   2707 |    148 |    252 |   1964 |   3 |  951.7 |
               +--------+--------+--------+--------+--------+-----+--------+

Top non-repeatable levels by time:
     D:1: 1442 daAuts
     D:2: 775 daAuts
     D:3: 637 daAuts
